Map: Prion Terraces

Players

Miszu

  • Race: Terran Terran
  • League: Master

lIlIIlIlIll - Winner!

  • Race: Terran Terran

VOD

Have the link to the VOD?

Description

Time

  • Played on: April 9, 2016, 3:53 p.m.
  • Length: 2:11
Show
View Real Time Build Order
Export as new Build Order

Miszu Terran 

Build Orders:  

Get SALT Encoding   

  12  0:00  SCV  
  13  0:13  SCV  
  14  0:17  Supply Depot  
  14  0:25  SCV  
  15  0:39  SCV  
  15  0:40  Barracks  
  16  0:43  Refinery  
  16  0:51  SCV  
  17  0:58  Refinery  
  17  1:03  SCV  
  18  1:15  SCV  
  19  1:28  Marine  
  19  1:31  Orbital Command  
  20  1:34  Factory  
  20  1:41  Supply Depot  
  20  1:46  Marine  
  21  1:57  SCV  
Show
View Real Time Build Order
Export as new Build Order

lIlIIlIlIll Terran - Winner!

Build Orders:  

Get SALT Encoding   

  12  0:03  SCV  
  13  0:15  SCV  
  13  0:18  Supply Depot  
  14  0:27  SCV  
  15  0:29  Refinery  
  15  0:39  SCV  
  16  0:45  Barracks  
  16  0:51  SCV  
  17  1:04  SCV  
  18  1:16  SCV  
  19  1:31  Orbital Command  
  19  1:32  Marine  
  19  1:34  Factory  
  19  1:37  Refinery  
  20  1:45  Supply Depot  
  20  1:51  Barracks Reactor  
  20  1:57  SCV  
Tags
 
League
Master
Matchup
TvT
Race
Terran
Add a new tag
Caveats
  • Supply blocks, unpowered buildings, or Contaminate may cause inaccurate times.
  • Supply counts are checked every 10 seconds.